 Dungeon Crawl Stone Soup version 0.20.1-1-g8b1a95d (webtiles) character file.

154 vineage the Slasher (level 5, -5/42 HPs)
             Began as a Demonspawn Chaos Knight on Oct 18, 2017.
             Slain by an ogre
             ... wielding a +0 giant spiked club
              (8 damage)
             ... on level 3 of the Dungeon.
             The game lasted 00:03:25 (1736 turns).

vineage the Slasher (Demonspawn Chaos Knight)       Turns: 1736, Time: 00:03:26

Health: -5/42      AC: 11    Str: 11    XL:     5   Next: 13%
Magic:  5/5        EV:  2    Int: 14    God:    Xom [...*..]
Gold:   98         SH:  0    Dex: 14    Spells: 4/4 levels left

rFire    . . .     SeeInvis .   a - +0 falchion (chaos)
rCold    . . .     Gourm    .   (no shield)
rNeg     . . .     Faith    .   j - +0 plate armour
rPois    +         Spirit   .   (no helmet)
rElec    .         Reflect  .   (no cloak)
rCorr    .         Harm     +   (no gloves)
MR       .....                  (no boots)
Stlth    ..........             h - amulet of harm
Regen    0.2/turn               e - ring of flight
MPRegen  0.1/turn               (no ring)

@: lethally poisoned (-5 -> -6)
A: hooves 2, agile 1, mutation resistance 1, sense surroundings 1, poison
resistance, powered by pain 1, weak 1
a: Renounce Religion, Evoke Flight


You were on level 3 of the Dungeon.
You worshipped Xom.
You were a favourite toy of Xom.
You were not hungry.

You visited 1 branch of the dungeon, and saw 3 of its levels.

You collected 98 gold pieces.

Inventory:

Hand Weapons
 a - a +0 falchion of chaos (weapon)
Armour
 b - a +2 leather armour
 g - a +0 scale mail
 j - a +0 plate armour (worn)
Jewellery
 e - a ring of flight (left hand)
 h - an amulet of harm (around neck)
 l - an uncursed amulet of guardian spirit {unknown}
 o - an uncursed ring of stealth {unknown}
Scrolls
 d - a scroll of teleportation
 f - a scroll of fear {unknown}
 n - 2 scrolls of identify {unknown}
 p - a scroll of magic mapping {unknown}
 q - a scroll of recharging {unknown}
Potions
 m - a potion of lignification {unknown}
Comestibles
 c - 2 bread rations
 i - 5 fruits
 k - 3 meat rations


   Skills:
 + Level 3.9 Fighting
 + Level 4.1 Long Blades
 + Level 2.7 Armour
 + Level 1.2 Dodging


You had 4 spell levels left.
You didn't know any spells.

Dungeon Overview and Level Annotations

Branches:
Dungeon (3/15)

Altars:


Innate Abilities, Weirdness & Mutations

You have hoof-like feet.
You sometimes gain a little power by taking damage.
You are agile. (Dex +2)
You are somewhat resistant to further mutation.
You passively map a small area around you.
Your system is resistant to poisons. (rPois)
You are weak. (Str -2)


Message History

You are too injured to fight recklessly!
You are too injured to fight recklessly!
You are too injured to fight recklessly!
You are too injured to fight recklessly!
You are too injured to fight recklessly!
You are too injured to fight recklessly!
You are too injured to fight recklessly!
You are too injured to fight recklessly!
You are too injured to fight recklessly!
You are too injured to fight recklessly!
You are too injured to fight recklessly!
You are too injured to fight recklessly!
You hit the ogre.
The ogre is almost dead.
The ogre hits you with a giant spiked club!
* * * LOW HITPOINT WARNING * * *
You hit the ogre but do no damage. You kick the ogre.
The ogre is almost dead.
The ogre hits you with a giant spiked club!
You die...

#.# #.# #.#
#.# ##.## #(#
∆
#####...###.#
*
............#
,
####...#####*
##.## , * * *
#.# ∆ ,,
∆###.#####.#
* ......O@†)#
...........#
∆ *
.###.#.###.#
,, # #.* *.#
, , , #. *.#
, , #.* .# ,
* .., .# ∆ #.
* ,


You could see an ogre.

Vanquished Creatures
  An orc priest (D:3)
  6 adders
  A gnoll (D:1)
  A worm (D:2)
  2 dart slugs
  2 leopard geckos
  6 orcs (D:3)
  2 giant cockroaches
  A goblin (D:3)
  3 hobgoblins (D:1)
  A quokka (D:2)
  3 ball pythons
  6 bats
  5 frilled lizards
  3 kobolds
  8 rats
51 creatures vanquished.

Vanquished Creatures (others)
  An orc (D:3)
1 creature vanquished.

Grand Total: 52 creatures vanquished

Notes
Turn   | Place    | Note
-------+----------+-------------------------------------------
     0 | D:1      | vineage the Demonspawn Chaos Knight began the quest for the Orb.
     0 | D:1      | Reached XP level 1. HP: 18/18 MP: 1/1
   145 | D:1      | Gained mutation: You have large cloven feet. [demonic ancestry]
   145 | D:1      | Reached XP level 2. HP: 23/24 MP: 2/2
   145 | D:1      | XOM: harmless Necr miscast
   150 | D:1      | Reached skill level 3 in Long Blades
   228 | D:1      | Reached skill level 1 in Dodging
   288 | D:1      | Reached XP level 3. HP: 17/29 MP: 3/3
   505 | D:2      | XOM: harmless Fire miscast
   651 | D:2      | Reached XP level 4. HP: 33/37 MP: 4/4
  1116 | D:3      | HP: 1/37 [orc priest/hand axe (2)]
  1118 | D:3      | Reached skill level 4 in Long Blades
  1258 | D:3      | XOM: give mutations
  1258 | D:3      | Gained mutation: You are weak. (Str -2) [Xom's mischief]
  1258 | D:3      | Gained mutation: You have hoof-like feet. [Xom's mischief]
  1296 | D:3      | XOM: divination: detect items
  1386 | D:3      | HP: 1/37 [orc/trident (1)]
  1472 | D:3      | XOM: god gift: 29 gold pieces
  1514 | D:3      | XOM: give mutations
  1514 | D:3      | Gained mutation: You passively map a small area around you. [Xom's grace]
  1514 | D:3      | Gained mutation: Your system is resistant to poisons. (rPois) [Xom's grace]
  1514 | D:3      | Gained mutation: You are agile. (Dex +2) [Xom's grace]
  1514 | D:3      | Gained mutation: You are somewhat resistant to further mutation. [Xom's grace]
  1529 | D:3      | Gained mutation: You sometimes gain a little power by taking damage. [demonic ancestry]
  1529 | D:3      | Reached XP level 5. HP: 19/42 MP: 5/5
  1730 | D:3      | Noticed an ogre
  1736 | D:3      | Slain by an ogre

Skill      XL: |  1  2  3  4 |
---------------+-------------+-----
Long Blades    | 3 4 |  4.1
Dodging        | 1 |  1.2
Armour         | 2 |  2.7
Fighting       | |  3.9

Action                   |  1- 3 |  4- 6 || total
-------------------------+-------+-------++-------
Melee: Falchion          |    80 |    57 ||   137
       Kick              |    15 |    13 ||    28
  Use: Scroll            |     2 |     2 ||     4
       Potion            |       |     2 ||     2
  Eat: Chunk             |       |     3 ||     3
Armor: Leather armour    |    20 |       ||    20
       Plate armour      |    22 |    50 ||    72
Dodge: Dodged            |    35 |     5 ||    40
       Rpst.: Falchion   |    10 |     1 ||    11
